 Dungeon Crawl Stone Soup version 0.18-a0-1542-g9c1a92e (webtiles) character file.

149 Sargon the Conjurer (level 5, 0/28 HPs)
             Began as a Deep Elf Conjurer on Mar 10, 2016.
             Slain by Galewind's ghost (1 damage)
             ... on level 3 of the Dungeon.
             The game lasted 00:13:36 (1913 turns).

Sargon the Conjurer (Deep Elf Conjurer)             Turns: 1913, Time: 00:13:36

Health: 0/28       AC:  2    Str:  5    XL:     5   Next: 9%
Magic:  1/12       EV: 18    Int: 21    God:
Gold:   180        SH:  0    Dex: 20    Spells: 2 memorised, 4 levels left

rFire  . . .     SeeInvis .     f - +0 falchion
rCold  . . .     Gourm    .     a - +0 robe
rNeg   . . .     Faith    .     (no shield)
rPois  .         Spirit   .     (no helmet)
rElec  .         Dismiss  .     (no cloak)
rCorr  .         Reflect  .     (no gloves)
SustAt .         Harm     .     (no boots)
MR     .....                    (no amulet)
Stlth  +++.......               (no ring)
                                s - ring of wizardry

@: agile, flying, not resistant to hostile enchantments, fairly stealthy
A: no striking features
a: no special abilities


You were on level 3 of the Dungeon.
You were not hungry.

You visited 1 branch of the dungeon, and saw 3 of its levels.

You collected 180 gold pieces.

Inventory:

Hand Weapons
 f - a +0 falchion (weapon)
Armour
 a - a +0 robe (worn)
 n - a +0 scale mail
Jewellery
 s - a ring of wizardry (left hand)
Scrolls
 e - 3 scrolls of teleportation
 h - 2 scrolls of enchant weapon
 i - 2 scrolls of amnesia {unknown}
 k - 3 scrolls of noise {unknown}
 p - a scroll of magic mapping {unknown}
 r - a scroll of random uselessness {unknown}
 t - a scroll of identify
Potions
 g - 2 potions of berserk rage {unknown}
 m - 2 potions of curing {unknown}
Books
 b - a book of Conjurations

   Spells                             Type                      Level
   a - Magic Dart                     Conjuration                  1
   b - Searing Ray                    Conjuration                  2
   c - Dazzling Spray                 Conjuration/Hexes            3
   d - Fulminant Prism                Conjuration/Hexes            4
   e - Iskenderun's Mystic Blast      Conjuration                  4
   f - Iskenderun's Battlesphere      Conjuration/Charms           5
Comestibles
 c - 6 bread rations
 l - a beef jerky
 o - a meat ration
 q - 2 chunks of flesh


   Skills:
 - Level 2.4 Dodging
 - Level 2.4 Stealth
 - Level 3.4 Spellcasting
 - Level 6.8 Conjurations
 + Level 1.3 Charms


You had 4 spell levels left.
You knew the following spells:

 Your Spells              Type           Power        Failure   Level  Hunger
a - Magic Dart            Conj           ####         1%          1    None
b - Iskenderun's Battles  Conj/Chrm      ###.....     45%         5    ######.


Dungeon Overview and Level Annotations

Branches:
Dungeon (3/15)

Altars:
Kikubaaqudgha
Pakellas
Vehumet
Zin
The Shining One

Annotations:
D:3 Galewind's ghost, amateur DECj


Message History

Aim: Galewind's ghost, wielding a weapon of freezing (almost destroyed)
The magic dart hits Galewind's ghost.
Galewind's ghost is almost destroyed.
Galewind's ghost gestures at you while chanting.
The magic dart hits you!
* * * LOW HITPOINT WARNING * * *
Drink which item? (? for menu, Esc to quit)
It was a potion of agility.
You feel agile all of a sudden. Galewind's ghost hits you.
* * * LOW HITPOINT WARNING * * *
Galewind's ghost freezes you.
* * * LOW HITPOINT WARNING * * *
Drink which item? (? for menu, Esc to quit)
It was a potion of flight.
You feel very buoyant.
You fly up into the air.
Galewind's ghost hits you.
* * * LOW HITPOINT WARNING * * *
Galewind's ghost freezes you.
You die...

....# ##....# ......# .
##### ##########.....#..
....##..................
....##....#.............
..........#.............
..........'.....@Ww.....
..##......#....###......
...............# .....
#####..........# .... ##
#..........# ../ .#
#..........# .. .#
#..........# .... .
###### .#
##.#####..#####.....
......
.###...###.............
......


You could see a worm and Galewind's ghost.

Vanquished Creatures
  Terence (D:1)
  A worker ant (D:3)
  4 adders
  A worm (D:2)
  2 dart slugs
  4 giant geckos
  An orc (D:3)
  A giant cockroach (D:1)
  5 goblins
  11 hobgoblins
  3 jackals (D:3)
  A quokka (D:2)
  8 bats
  3 giant newts
  3 kobolds
  3 rats
52 creatures vanquished.

Notes
Turn   | Place    | Note
--------------------------------------------------------------
     0 | D:1      | Sargon the Deep Elf Conjurer began the quest for the Orb.
     0 | D:1      | Reached XP level 1. HP: 10/10 MP: 6/6
   239 | D:1      | Reached XP level 2. HP: 15/15 MP: 4/8
   322 | D:1      | Reached skill level 5 in Conjurations
   712 | D:2      | Reached XP level 3. HP: 19/19 MP: 3/9
   887 | D:2      | Noticed Terence
   934 | D:1      | Killed Terence
   934 | D:1      | Reached skill level 6 in Conjurations
   934 | D:1      | Reached XP level 4. HP: 7/24 MP: 0/11
  1171 | D:2      | Found a glowing silver altar of Zin.
  1325 | D:2      | Found an ancient bone altar of Kikubaaqudgha.
  1326 | D:2      | Found a radiant altar of Vehumet.
  1522 | D:3      | Found an oddly glowing altar of Pakellas.
  1711 | D:3      | Reached XP level 5. HP: 23/28 MP: 6/12
  1718 | D:3      | Learned a level 5 spell: Iskenderun's Battlesphere
  1844 | D:3      | Found a glowing golden altar of the Shining One.
  1847 | D:3      | Reached skill level 1 in Charms
  1898 | D:3      | Noticed Galewind's ghost (amateur DECj)
  1913 | D:3      | HP: 1/28 [Galewind's ghost (2)]
  1913 | D:3      | Slain by Galewind's ghost

Vault maps used:
D:1:      nagdon_arrival_double_spiral
D:2:      zin_treasury, nicolae_overflow_hidden_temple, uniq_terence
D:3:      marbit_many_paths, lemuel_coloured_pillars_altar,
          grunt_pakellas_mercury, tso_altar, first_bread

Skill      XL: |  1  2  3  4  5 |
---------------+----------------+-----
Conjurations   | 5 6 |  6.8
Charms         | 1 |  1.3
Dodging        | |  2.4
Stealth        | |  2.4
Spellcasting   | |  3.4

Action                   |  1- 3 |  4- 6 || total
-------------------------+-------+-------++-------
 Cast: Magic Dart        |    67 |    65 ||   132
  Use: Scroll            |     3 |     1 ||     4
       Potion            |       |     2 ||     2
  Eat: Chunk             |       |     3 ||     3
